AoeStats
← Tomate

Arena

508650978Analyzed
2v2 RM · 10d ago on Sep 23, 2026· 64m 31s· 4 players
Game mode
Random Map
Map size
Medium (4 player)
Population
200
Speed
Normal
Resources
Standard
Victory
Conquest
Starting age
Dark Age
Ending age
Imperial Age
RankedLock teamsTeams togetherTeam positionsShared explorationLock speedFull tech treeHidden civsTurbo modeCheats
Victory
Defeat
🇨🇱 Chinese · Chile
964
+17
🇨🇱 Spanish · Chile
964
+17
🇧🇴 Bulgarians · Bolivia
996
-17
🇳🇿 Burgundians · New Zealand
986
-17
Tomate
10:33 Feudal Age
14:57 Castle Age
12:46 Double-Bit Axe
13:04 Loom
13:19 Horse Collar
14:58 Forging
16:33 Bow Saw
16:53 Squires
19:06 Fervor
22:05 Wheelbarrow
22:51 Stone Mining
22:59 Gold Mining
23:11 Heavy Plow
23:58 Inquisition
25:10 Hand Cart
26:03 Husbandry
26:14 Bloodlines
26:25 Town Watch
27:56 Bow Saw
31:47 Imperial Age
29:32 Fletching
31:16 Stone Shaft Mining
32:06 Ballistics
32:06 Scale Barding Armor
34:25 Chemistry
35:41 Elite Conquistador
36:20 Bodkin Arrow
36:26 Padded Archer Armor
37:02 Iron Casting
36:48 Chain Barding Armor
37:16 Conscription
37:34 Hoardings
37:35 Caravan
38:34 Cavalier
40:04 Bracer
40:20 Leather Archer Armor
40:40 Plate Barding Armor
41:06 Blast Furnace
41:55 Supremacy
43:13 Two-Man Saw
41:43 Pikeman
42:09 Gambesons
42:09 Arson
43:22 Guilds
43:44 Scale Mail Armor
44:15 Ring Archer Armor
43:21 Paladin
44:16 Man-at-Arms
45:16 Murder Holes
47:35 Halberdier
47:38 Long Swordsman
50:29 Coinage
56:39 Light Cavalry
57:15 Capped Ram
58:13 Hussar
62:23 Two-Handed Swordsman
63:14 Champion
nnickk0
10:19 Feudal Age
15:09 Castle Age
13:17 Double-Bit Axe
13:21 Horse Collar
16:44 Bow Saw
17:30 Wheelbarrow
17:06 Stone Mining
17:25 Heavy Plow
19:14 Fervor
21:55 Hand Cart
22:15 Loom
22:16 Town Watch
25:37 Gold Mining
26:52 Stone Shaft Mining
26:53 Gold Shaft Mining
29:07 Imperial Age
28:38 Murder Holes
28:57 Masonry
29:11 Pikeman
29:52 Squires
29:37 Arson
30:04 Fletching
30:15 Padded Archer Armor
30:31 Caravan
31:34 Bodkin Arrow
31:54 Leather Archer Armor
31:09 Halberdier
34:13 Ballistics
35:00 Rocketry
37:53 Elite Chu Ko Nu
38:59 Great Wall
38:47 Heavy Rocket Cart
44:29 Two-Man Saw
43:01 Elite Fire Lancer
43:56 Town Patrol
46:02 Ring Archer Armor
45:33 Bracer
45:43 Forging
45:34 Scale Mail Armor
51:46 Fortified Wall
52:44 Chemistry
51:36 Guard Tower
Edpaca
4:58 Loom
13:48 Feudal Age
17:55 Castle Age
16:20 Horse Collar
16:44 Double-Bit Axe
18:21 Bloodlines
20:18 Wheelbarrow
22:42 Husbandry
26:18 Gold Mining
26:18 Stone Mining
30:15 Imperial Age
27:54 Gambesons
28:09 Squires
28:29 Arson
29:56 Gold Shaft Mining
29:56 Stone Shaft Mining
29:37 Bow Saw
30:05 Town Watch
31:02 Ballistics
30:35 Guard Tower
31:02 Forging
30:52 Scale Mail Armor
30:57 Scale Barding Armor
31:17 Heavy Plow
31:45 Masonry
32:40 Fletching
32:50 Padded Archer Armor
32:56 Scale Barding Armor
33:26 Iron Casting
33:07 Chain Mail Armor
33:33 Bodkin Arrow
34:15 Architecture
35:41 Siege Engineers
35:32 Murder Holes
36:04 Conscription
37:33 Thumb Ring
38:23 Elite Skirmisher
40:06 Elite Konnik
41:29 Stirrups
42:04 Hand Cart
42:38 Coinage
42:42 Town Patrol
44:14 Chemistry
42:52 Light Cavalry
44:20 Banking
49:16 Chain Barding Armor
49:27 Plate Mail Armor
50:49 Stone Shaft Mining
50:31 Caravan
50:59 Hussar
50:59 Cavalier
52:12 Pikeman
55:27 Halberdier
Wrecking Ball Paul
4:44 Double-Bit Axe
9:05 Horse Collar
12:09 Feudal Age
12:26 Gold Mining
16:08 Castle Age
14:48 Bow Saw
16:10 Heavy Plow
16:48 Gold Shaft Mining
17:45 Loom
22:48 Stone Mining
24:51 Wheelbarrow
24:36 Town Watch
25:46 Crop Rotation
27:01 Two-Man Saw
30:56 Imperial Age
28:45 Hand Cart
28:37 Husbandry
28:49 Cavalier
29:15 Treadmill Crane
29:45 Masonry
31:07 Town Patrol
33:16 Chemistry
33:27 Stone Shaft Mining
33:56 Scale Barding Armor
34:02 Forging
33:42 Fletching
33:53 Padded Archer Armor
34:08 Paladin
35:45 Iron Casting
36:52 Elite Skirmisher
39:11 Chain Barding Armor
39:08 Leather Archer Armor
49:50 Light Cavalry
51:58 Bombard Tower
52:10 Architecture
51:36 Murder Holes
55:54 Plate Barding Armor
55:16 Bodkin Arrow
56:22 Blast Furnace
57:29 Flemish Revolution
58:05 Burgundian Vineyards
58:52 Scale Mail Armor
58:52 Bracer
Connection lost

Rejoining the realm…

Still unreachable

The connection could not be restored.

Session expired

The server has moved on; the page needs a fresh start.